AoeStats
← Tsoudbrah

Fortress

509288110Analyzed
4v4 RM · 7d ago on Sep 26, 2026· 65m 7s· 8 players
Game mode
Random Map
Map size
Huge
Population
200
Speed
Normal
Resources
Standard
Victory
Conquest
Starting age
Dark Age
Ending age
Imperial Age
RankedLock teamsTeams togetherTeam positionsShared explorationLock speedFull tech treeHidden civsTurbo modeCheats
Victory
Defeat
🇺🇸 Britons · United States
1366
+15
🇲🇽 Saxons · Mexico
1360
+15
🇺🇸 Japanese · United States
1355
+15
🇲🇽 Varangians · Mexico
1354
+15
🇲🇽 Burmese · Mexico
1355
-16
🇺🇸 Romans · United States
1347
-15
🇨🇳 Mongols · China
1344
-15
🇨🇳 Khmer · China
1310
-14
sgt peppers s
7:09 Feudal Age
11:27 Castle Age
10:19 Gold Mining
12:47 Husbandry
13:32 Padded Archer Armor
20:17 Bloodlines
23:04 Wheelbarrow
23:51 Wheelbarrow
23:02 Loom
32:47 Imperial Age
31:15 Hand Cart
31:01 Horse Collar
31:58 Gold Shaft Mining
32:24 Manipur Cavalry
33:05 Hand Cart
33:19 Caravan
34:01 Elite Arambai
35:57 Conscription
37:11 Capped Ram
45:41 Scale Barding Armor
45:47 Forging
47:28 Chemistry
46:44 Elite Skirmisher
47:17 Fletching
48:13 Ballistics
48:01 Bodkin Arrow
50:22 Fortified Wall
52:40 Bracer
55:43 Light Cavalry
59:30 Chain Barding Armor
59:45 Iron Casting
61:16 Plate Barding Armor
61:41 Hussar
Tsoudbrah
5:26 Loom
7:14 Feudal Age
8:44 Horse Collar
9:22 Double-Bit Axe
12:44 Castle Age
10:40 Loom
15:35 Bow Saw
15:29 Heavy Plow
23:26 Wheelbarrow
26:26 Imperial Age
24:35 Scale Mail Armor
24:45 Forging
24:31 Gold Mining
25:06 Caravan
24:55 Man-at-Arms
25:35 Squires
26:03 Hand Cart
26:31 Chain Mail Armor
26:51 Iron Casting
26:30 Long Swordsman
28:01 Conscription
28:04 Comitatenses
29:13 Town Watch
30:58 Blast Furnace
29:22 Capped Ram
29:55 Legionary
30:32 Siege Ram
31:53 Bow Saw
35:37 Onager
44:20 Ballistics
45:00 Chemistry
46:17 Ballistas
46:22 Pikeman
49:07 Heavy Scorpion
53:07 Scale Barding Armor
58:32 Halberdier
DGKR5507
7:35 Feudal Age
10:25 Castle Age
8:25 Double-Bit Axe
8:23 Horse Collar
9:17 Gold Mining
15:16 Bow Saw
16:47 Loom
18:05 Wheelbarrow
23:33 Imperial Age
21:27 Scale Barding Armor
21:36 Heavy Plow
22:36 Forging
24:29 Chain Barding Armor
24:45 Iron Casting
24:39 Conscription
25:58 Plate Barding Armor
26:01 Gold Shaft Mining
26:59 Double Crossbow
28:41 Blast Furnace
27:52 Capped Ram
28:55 Hand Cart
29:30 Town Watch
31:19 Ballistics
30:23 Elite Ballista Elephant
31:16 Caravan
32:36 Bloodlines
33:39 Chemistry
34:12 Elite Battle Elephant
35:08 Husbandry
36:53 Husbandry
42:46 Stone Mining
45:37 Fletching
52:26 Bodkin Arrow
55:32 Padded Archer Armor
56:55 Siege Ram
63:52 Light Cavalry
300P 4V4
7:14 Feudal Age
11:21 Castle Age
9:46 Double-Bit Axe
10:24 Horse Collar
12:07 Wheelbarrow
11:19 Loom
12:10 Wheelbarrow
12:12 Bow Saw
14:22 Heavy Plow
18:17 Stone Mining
18:47 Gold Mining
21:21 Hand Cart
23:10 Stone Shaft Mining
26:37 Imperial Age
25:02 Gold Shaft Mining
25:42 Caravan
25:37 Fletching
25:48 Padded Archer Armor
26:36 Ballistics
26:42 Bodkin Arrow
27:20 Leather Archer Armor
27:11 Scale Barding Armor
26:57 Elite Mangudai
28:04 Conscription
28:01 Thumb Ring
28:11 Bloodlines
28:58 Parthian Tactics
28:38 Husbandry
29:49 Bracer
30:10 Chain Barding Armor
29:16 Light Cavalry
31:09 Chemistry
30:32 Caravan
31:59 Hussar
34:17 Forging
33:55 Heavy Cavalry Archer
36:31 Iron Casting
48:17 Blast Furnace
49:18 Masonry
Ux'Alargeo
8:33 Feudal Age
12:49 Castle Age
11:09 Double-Bit Axe
13:20 Wheelbarrow
12:30 Horse Collar
14:20 Forging
14:48 Bow Saw
15:19 Heavy Plow
20:08 Scale Mail Armor
20:15 Loom
22:05 Chain Mail Armor
22:27 Iron Casting
21:54 Squires
21:40 Arson
22:02 Stone Mining
22:04 Gold Mining
22:42 Hand Cart
23:21 Fletching
26:48 Imperial Age
25:25 Masonry
25:53 Gold Shaft Mining
26:03 Bodkin Arrow
26:33 Ballistics
26:27 Town Watch
27:53 Conscription
28:38 Plate Mail Armor
28:08 Bracer
27:37 Elite Hearth Troop
29:37 Chemistry
28:47 Scale Barding Armor
28:43 Padded Archer Armor
29:51 Two-Man Saw
28:44 Gambesons
28:20 Elite Varangian Guard
30:18 Shield Wall
30:23 Clerical Recruitment
32:58 Chain Barding Armor
32:53 Leather Archer Armor
34:47 Crop Rotation
39:03 Town Patrol
43:52 Ring Archer Armor
44:01 Hoardings
42:57 Sappers
42:53 Man-at-Arms
42:53 Pikeman
44:42 Bloodlines
44:02 Cavalier
44:44 Husbandry
49:05 Caravan
48:45 Light Cavalry
53:42 Capped Ram
55:27 Onager
55:50 Siege Ram
61:12 Hussar
Alarcón
7:32 Feudal Age
9:32 Wheelbarrow
8:45 Double-Bit Axe
11:46 Castle Age
10:42 Scale Barding Armor
10:47 Forging
10:54 Forging
11:42 Loom
20:21 Bow Saw
19:53 Horse Collar
20:26 Gold Mining
20:26 Stone Mining
21:55 Iron Casting
28:27 Imperial Age
26:41 Stone Shaft Mining
27:10 Chain Barding Armor
26:53 Husbandry
28:46 Elite Jarl
29:48 Conscription
30:16 Plate Barding Armor
30:41 Blast Furnace
29:57 Heavy Plow
31:11 Two-Man Saw
37:03 Cavalier
37:53 Bloodlines
48:29 Light Cavalry
49:45 Hussar
59:49 Crop Rotation
"Real Friendly" new player
8:06 Feudal Age
11:34 Castle Age
9:30 Double-Bit Axe
9:28 Horse Collar
14:45 Loom
18:32 Scale Mail Armor
19:18 Forging
24:56 Bow Saw
24:47 Heavy Plow
25:16 Stone Mining
30:58 Imperial Age
29:49 Wheelbarrow
29:16 Gold Mining
31:02 Chain Mail Armor
31:23 Iron Casting
30:57 Squires
30:20 Pikeman
32:00 Conscription
32:45 Plate Mail Armor
32:17 Fletching
32:41 Padded Archer Armor
33:12 Hand Cart
33:31 Bodkin Arrow
34:46 Chemistry
34:07 Ballistics
33:27 Crossbowman
35:15 Two-Man Saw
34:05 Elite Skirmisher
34:06 Arbalester
37:57 Bracer
38:17 Leather Archer Armor
38:40 Thumb Ring
46:13 Town Watch
60:10 Husbandry
61:12 Bloodlines
60:24 Light Cavalry
61:41 Scale Barding Armor
DoctorDubbz
4:56 Loom
7:58 Feudal Age
9:02 Loom
11:52 Castle Age
9:58 Double-Bit Axe
10:12 Horse Collar
13:26 Wheelbarrow
13:05 Bow Saw
12:58 Heavy Plow
15:49 Loom
16:59 Fletching
18:54 Bodkin Arrow
21:16 Hand Cart
21:20 Gold Mining
22:25 Padded Archer Armor
22:58 Stone Mining
23:56 Gold Shaft Mining
24:20 Leather Archer Armor
28:16 Imperial Age
28:03 Ballistics
27:24 Treadmill Crane
29:23 Bracer
29:48 Conscription
29:11 Elite Longbowman
30:13 Conscription
30:18 Yeomen
30:40 Ring Archer Armor
31:23 Two-Man Saw
31:22 Hoardings
31:17 Town Watch
33:21 Forging
33:11 Scale Mail Armor
35:18 Chemistry
34:31 Masonry
34:35 Arson
34:38 Pikeman
35:20 Squires
35:38 Chain Mail Armor
36:03 Iron Casting
35:56 Halberdier
38:23 Plate Mail Armor
38:53 Blast Furnace
38:39 Crossbowman
39:43 Arbalester
41:27 Scale Barding Armor
42:35 Architecture
43:06 Siege Engineers
44:54 Chain Barding Armor
48:29 Plate Barding Armor
47:51 Guard Tower
47:47 Arrowslits
48:19 Caravan
49:38 Keep
48:59 Murder Holes
51:06 Man-at-Arms
51:32 Gambesons
57:21 Long Swordsman
62:24 Coinage
62:54 Two-Handed Swordsman
Connection lost

Rejoining the realm…

Still unreachable

The connection could not be restored.

Session expired

The server has moved on; the page needs a fresh start.